 Dungeon Crawl Stone Soup version 0.32-a0-872-g59262bdc9b (webtiles) character file.

Game seed: 2135150663841390374

521 BubbleThief the Trooper (level 7, -2/78 HPs)
             Began as an Oni Gladiator on Mar 30, 2024.
             Was an Initiate of Hepliaklqana.
             Slain by a hound (6 damage)
             ... on level 5 of the Dungeon.
             The game lasted 00:04:13 (3166 turns).

BubbleThief the Trooper (Oni Gladiator)             Turns: 3166, Time: 00:04:14

Health: -2/78      AC: -5    Str: 21    XL:     7   Next: 21%
Magic:  7/7        EV:  9    Int:  9    God:    Hepliaklqana [......]
Gold:   156        SH:  0    Dex: 10    Spells: 6/6 levels left

rFire   . . .        a - +1 trident
rCold   . . .        (no shield)
rNeg    . . .        b - +0 robe
rPois   .            c - +0 hat
rElec   .            (no cloak)
rCorr   .            (gloves unavailable)
SInv    .            (boots unavailable)
Will    .....        (no amulet)
Stlth   +            (no ring)
HPRegen 0.33/turn    (no ring)
MPRegen 0.10/turn

%: no passive effects
@: corroded
A: large, unfitting armour, horns 1, tough skin 1, double potion healing,
drunken brawling
a: Renounce Religion


You were on level 5 of the Dungeon.
You worshipped Hepliaklqana.
Hepliaklqana was noncommittal.
You visited 1 branch of the dungeon, and saw 6 of its levels.

You collected 156 gold pieces.

Inventory:

Hand Weapons
 a - a +1 trident (weapon)
Missiles
 e - 5 large rocks
Armour
 b - a +0 robe (worn)
 c - a +0 hat (worn)
Wands
 o - a wand of polymorph (6)
Scrolls
 f - 3 scrolls of teleportation
 j - 5 scrolls of identify {unknown}
 m - a scroll of vulnerability {unknown}
 n - a scroll of enchant armour {unknown}
Potions
 g - a potion of resistance {unknown}
 h - a potion of mutation {unknown}
 i - 5 potions of curing {unknown}
 k - 2 potions of cancellation {unknown}
 l - 2 potions of haste {unknown}
 p - 2 potions of ambrosia {unknown}


   Skills:
 + Level 7.3 Fighting
 + Level 6.0 Polearms
 - Level 2.0 Throwing
 - Level 2.6 Dodging


You had 6 spell levels left.
You didn't know any spells.
Your spell library contained the following spells:

 Spells                   Type           Power      Damage    Failure   Level
 Ensorcelled Hibernation  Hex/Ice        0%         N/A       52%         2
 Passwall                 Erth           0%         N/A       77%         3
 Swiftness                Air            0%         N/A       77%         3


Dungeon Overview and Level Annotations

Branches:
Dungeon (6/15)
 Temple: D:4-7

Altars:
Ashenzari
Hepliaklqana
Okawaru
Uskayaw
Xom
The Shining One

Annotations:
D:4 2 runed translucent doors, DeathSocks's ghost, novice VSGl


Innate Abilities, Weirdness & Mutations

You are too large for most types of armour.
You have a pair of small horns on your head.
You have tough skin. (AC +1)
You gain doubled healing and magic from potions.
Whenever you drink a healing potion, you attack all around you.


Message History

The jelly barely misses you. The hound bites you but does no damage.
Unknown command.
Throw: 2 throwing nets
Press: ? - help, Q - select action, (/) - cycle Shift-Dir - straight line, f - hound, p - jelly
Aim: a hound (46% to hit)
You throw a throwing net.
The throwing net closely misses the hound.
The hound barely misses you. The jelly closely misses you.
Unknown command.
You puncture the jelly! The acid corrodes you!
Your hands burn!
The jelly is severely wounded.
The hound bites you. The jelly hits you. The acid corrodes you!
You are splashed with acid.
* * * LOW HITPOINT WARNING * * *
The hound bites you.
* * * LOW HITPOINT WARNING * * *
You hit the jelly.
Your hands burn!
* * * LOW HITPOINT WARNING * * *
You headbutt the jelly.
You kill the jelly!
The hound bites you.
* * * LOW HITPOINT WARNING * * *
Your Polearms skill increases to level 6!
Unknown command.
You barely miss the hound.
You headbutt the hound, but do no damage.
The hound barely misses you. The hound misses you.
You hit the hound but do no damage. The hound bites you.
* * * LOW HITPOINT WARNING * * *
Throw: throwing net
Press: ? - help, Q - select action, (/) - cycle Shift-Dir - straight line, f/p - hound
Aim: a hound (46% to hit)
You throw a throwing net.
The throwing net barely misses the hound.
The hound barely misses you. The hound bites you.
* * * LOW HITPOINT WARNING * * *
You completely miss the hound. Your headbutt misses the hound.
The hound bites you.
You die...
Hepliaklqana delivers you to your ancestors.

.#########.####
..#.# #.#.#
##.#.####
#.......#
#..#.##.#
#..#....#
####..######
+@(..........
#h##.......#.
#†##.#####.#
#.##.# # .....#
..#### ....
#.(# #..<


You could see a hound.

Vanquished Creatures
  A phantom (D:3)
  2 scorpions
  A bombardier beetle (D:4)
  A hound (D:5)
  A jelly (D:5)
  Jessica (D:2)
  3 gnolls (D:3)
  6 adders
  4 ufetubi
  2 dart slugs
  8 ribbon worms
  An orc (D:4)
  7 endoplasms
  2 giant cockroaches
  8 goblins
  3 hobgoblins
  3 jackals (D:1)
  17 kobolds
  3 quokkas
  10 ball pythons
  9 bats
  2 frilled lizards
  9 rats
104 creatures vanquished.

Notes
Turn   | Place    | Note
-------+----------+-------------------------------------------
     0 | D:1      | BubbleThief the Oni Gladiator began the quest for the Orb.
     0 | D:1      | Reached XP level 1. HP: 22/22 MP: 1/1
    87 | D:1      | Reached skill level 3 in Fighting
   112 | D:1      | Reached XP level 2. HP: 28/31 MP: 2/2
   302 | D:1      | Reached XP level 3. HP: 19/39 MP: 3/3
   638 | D:1      | Reached skill level 4 in Fighting
   960 | D:2      | Reached XP level 4. HP: 30/49 MP: 4/4
  1230 | D:2      | Noticed Jessica
  1237 | D:2      | Killed Jessica
  1266 | D:2      | Reached skill level 5 in Fighting
  1454 | D:2      | Reached XP level 5. HP: 54/57 MP: 5/5
  2065 | D:3      | Found a broken altar of Ashenzari.
  2153 | D:3      | Noticed a phantom
  2169 | D:3      | Killed a phantom
  2170 | D:3      | Reached skill level 6 in Fighting
  2170 | D:3      | Reached skill level 5 in Polearms
  2170 | D:3      | Reached XP level 6. HP: 39/67 MP: 6/6
  2354 | D:3      | Found an iron altar of Okawaru.
  2360 | D:3      | Found a shimmering altar of Xom.
  2361 | D:3      | Found a glowing golden altar of the Shining One.
  2368 | D:3      | Found a hazy altar of Hepliaklqana.
  2374 | D:3      | Became a worshipper of Hepliaklqana the Forgotten
  2417 | D:4      | Found a runed translucent door.
  2550 | D:4      | Found a runed translucent door.
  2551 | D:4      | Noticed DeathSocks's ghost (novice VSGl)
  2585 | D:4      | Found a hide-covered altar of Uskayaw.
  3040 | D:5      | Entered Level 5 of the Dungeon
  3045 | D:5      | Reached skill level 7 in Fighting
  3045 | D:5      | Reached XP level 7. HP: 68/78 MP: 7/7
  3165 | D:5      | HP: 3/78 [hound (2)]
  3166 | D:5      | Slain by a hound

Illustrated notes

Levels and vault maps discovered:
D:1:      dpeg_arrival_boxorama, layout_basic, minmay_octomino_e4
D:2:      layout_rooms, uniq_jessica
D:3:      layout_rooms, cheibrodos_ashenzari_chains, minitemple
D:4:      layout_rooms, mainiacjoe_overflow_tiny_flanked, ebering_ghost_sewer_f
D:5:      cheibrodos_helix_gallery, layout_basic
D:6:      layout_rooms, minmay_temple_entry_statues_fountains, serial_shops,
          kennysheep_little_box, nicolae_ossuary_entry_catacombs

Skill      XL: |  1  2  3  4  5  6  7 |
---------------+----------------------+-----
Fighting       | 3 4 5 6 7 |  7.3
Polearms       | 4 5 6 |  6.0
Throwing       | |  2.0
Dodging        | |  2.6

Action                     |  1- 3 |  4- 6 |  7- 9 || total
---------------------------+-------+-------+-------++-------
  Melee: Trident           |   118 |   172 |    22 ||   312
         Headbutt          |    10 |    28 |     3 ||    41
  Throw: Throwing net      |       |       |     3 ||     3
    Use: Scroll            |     3 |       |       ||     3
   Stab: Sleeping          |       |     1 |       ||     1
 Armour: Robe              |    80 |   107 |    36 ||   223
  Dodge: Dodged            |    43 |    81 |    20 ||   144

Table legend: (Time is in decaauts)
 A = Elapsed time spent in this place.
 B = Non-inter-level travel time spent in this place.
 C = Inter-level travel time spent in this place.
 D = Time resting spent in this place.
 E = Time spent auto-exploring this place.
 F = Levels seen in this place.
 G = Mean time per level.
                   A        B        C        D        E       F      G
               +--------+--------+--------+--------+--------+-----+--------+
         Total |   3188 |   3108 |     80 |      0 |   2482 |   6 |  531.3 |
       Dungeon |   3188 |   3108 |     80 |      0 |   2482 |   6 |  531.3 |
               +--------+--------+--------+--------+--------+-----+--------+

Top non-repeatable levels by time:
     D:1: 894 daAuts
     D:3: 862 daAuts
     D:2: 671 daAuts
     D:4: 635 daAuts
     D:5: 124 daAuts
     D:6: 1 daAuts
